 Dungeon Crawl Stone Soup version 0.32-a0-39-g5c88369fb2 (webtiles) character file.

Game seed: 14402858998954789713

20 Ge0ff the Charlatan (level 2, -3/22 HPs)
             Began as a Mummy Artificer on Feb 5, 2024.
             Engulfed by a cloud of steam (11 damage)
             ... on level 1 of the Dungeon.
             The game lasted 00:01:32 (368 turns).

Ge0ff the Charlatan (Mummy Artificer)                Turns: 368, Time: 00:01:33

Health: -3/22      AC:  3    Str: 15    XL:     2   Next: 58%
Magic:  2/2        EV: 11    Int: 10    God:
Gold:   27         SH:  0    Dex: 12    Spells: 1/1 levels left

rFire   x . .        a - +1 rapier
rCold   + . .        (no shield)
rNeg    + + +        b - +0 leather armour
rPois   ∞            (no helmet)
rElec   .            (no cloak)
rCorr   .            (no gloves)
SInv    .            (no boots)
Will    .....        (no amulet)
Stlth   +            (no ring)
HPRegen 0.23/turn    (no ring)
MPRegen 0.08/turn

%: faith
@: very slow
A: cold resistance 1, negative energy resistance 3, torment resistance 2, heat
vulnerability 1, in touch with death 1, no potions, faith
a: no special abilities


You were on level 1 of the Dungeon.
You visited 1 branch of the dungeon, and saw 1 of its levels.

You collected 27 gold pieces.

Inventory:

Hand Weapons
 a - a +1 rapier (weapon)
Armour
 b - a +0 leather armour (worn)
 g - a +0 ring mail
Wands
 d - a wand of iceblast (5) (quivered)
 e - a wand of charming (15)
 f - a wand of flame (6)
Scrolls
 i - 2 scrolls of enchant weapon
 j - a scroll of acquirement {unknown}


   Skills:
 * Level 2.0 Fighting
 - Level 1.5 Armour
 - Level 0.7 Dodging
 + Level 1.2 Stealth
 + Level 2.6 Evocations


You had one spell level left.
You didn't know any spells.
Your spell library was empty.

Dungeon Overview and Level Annotations

Branches:
Dungeon (1/15) Zot: 5622

Altars:


Innate Abilities, Weirdness & Mutations

You are immune to poison.
Your flesh is cold resistant. (rC+)
You are immune to negative energy. (rN+++)
You are immune to unholy pain and torment.
You are vulnerable to heat. (rF-)
You are in touch with the powers of death.
You do not drink.
You have a special connection with the divine. (Faith)


Message History

The puff of flame misses the jackal.
The puff of flame hits the plant.
The plant begins to die.
The plant is lightly damaged.
The plant is engulfed in a cloud of scalding steam.
The jackal bites you but does no damage. x2
The jackal bites you.
You enter the shallow water.
Moving in this stuff is going to be slow.
The plant is engulfed in a cloud of scalding steam.
The jackal bites you but does no damage.
The plant is engulfed in a cloud of scalding steam.
The rat closely misses you. The rat barely misses you.
Aiming: Throw Flame
Press: ? - help, Shift-Dir - straight line, f/p - jackal
Aim: a jackal (moderately wounded, 64% to hit)
The puff of flame hits the jackal!
You kill the jackal!
The plant is engulfed in a cloud of scalding steam.
A nearby plant withers and dies.
The frilled lizard bites you. The rat bites you but does no damage.
Aiming: Throw Flame
Press: ? - help, Shift-Dir - straight line, f - frilled lizard
Aim: a frilled lizard (53% to hit)
The puff of flame misses the frilled lizard.
The plant is engulfed in a cloud of scalding steam.
The plant begins to die.
The frilled lizard is engulfed in a cloud of scalding steam.
You kill the frilled lizard!
The rat barely misses you.
Aiming: Throw Flame
Press: ? - help, Shift-Dir - straight line, f - jackal
Aim: a jackal (64% to hit)
The puff of flame hits the jackal.
The jackal is almost dead.
The jackal is engulfed in a cloud of scalding steam.
You kill the jackal!
The rat bites you but does no damage.
Your Fighting skill increases to level 2!
Aiming: Throw Flame
Press: ? - help, Shift-Dir - straight line, f - rat
Aim: a rat (71% to hit)
The puff of flame hits the rat.
You kill the rat!
You are engulfed in a cloud of scalding steam.
A nearby plant withers and dies.
The plant is engulfed in a cloud of scalding steam.
The plant begins to die.
You are engulfed in a cloud of scalding steam.
Ouch! That really hurt!
You die...

......#.....♣♣P~~≈~~~~~P#.##
......#?..♣P♣P~~≈≈≈≈~~~~#.. ##
......#..♣~~~~≈≈~≈≈~P~P~~# ..
......##P~P~PP~≈~~~~~~~~~♣##.#
....#####P§~~~~~)†~♣~.~~~~...#..
....##^...~~♣§~.........~.......
....##....##...!..........[...)#
P...............)§§§..†.~P~~....
#P..##..)......~@§.§~~~~~♣♣~.###
##..#####.....~~~§††~~P~♣~.#.#
~~..# #.....#♣♣P§♣♣~~~~..# .P
##..# #.....# ♣♣♣♣♣♣♣♣#### .~
#P..# ####### P P...# ....#
....# ....#


There were no monsters in sight!

Vanquished Creatures
  2 endoplasms (D:1)
  2 hobgoblins (D:1)
  2 jackals (D:1)
  2 quokkas (D:1)
  A ball python (D:1)
  2 frilled lizards (D:1)
  3 goblins (D:1)
  2 kobolds (D:1)
  2 rats (D:1)
18 creatures vanquished.

Notes
Turn   | Place    | Note
-------+----------+-------------------------------------------
     0 | D:1      | Ge0ff the Mummy Artificer began the quest for the Orb.
     0 | D:1      | Reached XP level 1. HP: 15/15 MP: 1/1
   210 | D:1      | Reached skill level 1 in Stealth
   326 | D:1      | Reached XP level 2. HP: 21/21 MP: 2/2
   368 | D:1      | Engulfed by a cloud of steam

Illustrated notes

Levels and vault maps discovered:
D:1:      eino_arrival_water_cross, layout_basic, serial_bayou,
          serial_bayou_lagoon_a, serial_bayou_pond_a, serial_bayou_ford_a,
          serial_bayou_pond_b, minivault_26

Skill      XL: |  1  2 |
---------------+-------+-----
Stealth        | 1 |  1.2
Fighting       | 2 |  2.0
Armour         | |  1.5
Dodging        | |  0.7
Evocations     | |  2.6

Action                     || total
---------------------------++-------
  Melee: Rapier            ||    32
         Club              ||     6
  Evoke: Wand              ||     9
    Use: Scroll            ||     2
 Armour: Leather armour    ||    42
  Dodge: Dodged            ||    27

Table legend: (Time is in decaauts)
 A = Elapsed time spent in this place.
 B = Non-inter-level travel time spent in this place.
 C = Inter-level travel time spent in this place.
 D = Time resting spent in this place.
 E = Time spent auto-exploring this place.
 F = Levels seen in this place.
 G = Mean time per level.
                   A        B        C        D        E       F      G
               +--------+--------+--------+--------+--------+-----+--------+
         Total |    377 |    377 |      0 |      0 |    222 |   1 |  377.0 |
       Dungeon |    377 |    377 |      0 |      0 |    222 |   1 |  377.0 |
               +--------+--------+--------+--------+--------+-----+--------+

Top non-repeatable levels by time:
     D:1: 377 daAuts
